 Dungeon Crawl Stone Soup version 0.29.1-14-g9c671dbff4 (webtiles) character file.

Game seed: 10352998987860327774

48 growler the Insei (level 3, 0/28 HPs)
             Began as a Draconian Transmuter on Feb 16, 2023.
             Slain by Crazy Yiuf
             ... wielding a +3 quarterstaff of chaos
              (5 damage)
             ... on level 2 of the Dungeon.
             The game lasted 00:03:09 (2100 turns).

growler the Insei (Draconian Transmuter)            Turns: 2100, Time: 00:03:10

Health: 0/28       AC:  2    Str: 12    XL:     3   Next: 50%
Magic:  3/6        EV: 19    Int: 13    God:
Gold:   35         SH:  0    Dex: 18    Spells: 0/6 levels left

rFire   . . .      SeeInvis .     - Unarmed
rCold   . . .      Faith    .   (shield currently unavailable)
rNeg    . . .      Spirit   .   (body armour unavailable)
rPois   x          Reflect  .   (helmet currently unavailable)
rElec   .          Harm     .   (cloak currently unavailable)
rCorr   .          Rampage  .   (gloves currently unavailable)
Will    .....                   (boots currently unavailable)
Stlth   ++........              (no amulet)
HPRegen 0.09/turn               (no ring)
MPRegen 0.10/turn               (no ring)

@: spider-form (expiring)
A: venomous fangs, AC +5, tiny, unfitting armour, (cold-blooded)
a: End Transformation


You were on level 2 of the Dungeon.
You were a venomous arachnid creature.
You visited 1 branch of the dungeon, and saw 2 of its levels.

You collected 35 gold pieces.

Inventory:

Armour
 m - a +0 pair of gloves (melded)
Jewellery
 k - a ring of positive energy
Scrolls
 b - 2 scrolls of teleportation {unknown}
 c - 2 scrolls of blinking {unknown}
 d - a scroll of amnesia {unknown}
 e - a scroll of immolation {unknown}
 h - a scroll of poison {unknown}
 j - a scroll of vulnerability {unknown}
 l - 2 scrolls of butterflies {unknown}
Potions
 a - a potion of lignification
 f - 2 potions of curing {unknown}
 g - a potion of cancellation {unknown}
 i - a potion of degeneration {unknown}


   Skills:
 - Level 1.1 Fighting
 - Level 1.7 Dodging
 + Level 4.6 Unarmed Combat
 - Level 2.0 Spellcasting
 - Level 2.0 Transmutations


You couldn't memorise any spells.
You knew the following spells:

 Your Spells              Type           Power      Damage    Failure   Level
a - Beastly Appendage     Tmut           12%        N/A       26%         1
b - Wereblood             Tmut           6%         N/A       36%         2
c - Spider Form           Tmut/Pois      3%         N/A       67%         3

Your spell library contained the following spells:

 Spells                   Type           Power      Damage    Failure   Level
 Ice Form                 Ice/Tmut       3%         N/A       95%         4


Dungeon Overview and Level Annotations

Branches:
Dungeon (2/15)

Altars:
Zin

Annotations:
D:2 Crazy Yiuf


Innate Abilities, Weirdness & Mutations

You are a venomous arachnid creature.
You have poisonous fangs.
You are tiny and dextrous.
Your spellcasting is less reliable in this form.
Your armour is entirely melded.
You are incapable of wielding weapons or throwing items.
((Your plain brown scales are hard. (AC +5)))
You cannot fit into any form of body armour.
((You are cold-blooded and may be slowed by cold attacks.))


Message History

Found a hammer.
Found a runed translucent door.
Crazy Yiuf whimpers, "Spliff green verde!"
Found a stone staircase leading down.
There is a stone staircase leading down here.
There is a stone staircase leading down here.
There is a stone staircase leading up here.
You see here a frilled lizard skeleton.
There is an open door here.
There is a faded altar of an unknown god here.
There is an open door here.
You see here a book of Changes.
You enter the shallow water.
Moving in this stuff is going to be slow.
You see here a book of Changes.
There is a stone staircase leading down here.
Crazy Yiuf shouts!
Press: ? - help, v - describe, . - travel
Here: Crazy Yiuf, wielding a +3 quarterstaff of chaos and wearing a +1 cloak (fire blocked by a runed translucent door)
The floor.
Casting: Beastly Appendage (safe; 11% risk of failure)
Confirm with . or Enter, or press ? or * to list all spells.
The spell is extremely dangerous to miscast (45% risk of failure)!
Continue anyway?
You turn into a venomous arachnid creature.
Your +0 pair of gloves melds into your body.
You open the door.
Crazy Yiuf laughs, "Announcement action song!"
You hit Crazy Yiuf.
Crazy Yiuf is lightly wounded.
Crazy Yiuf closely misses you.
You hit Crazy Yiuf.
Crazy Yiuf is poisoned.
Crazy Yiuf is moderately wounded.
Your transformation is almost over.
Crazy Yiuf hits you with a +3 quarterstaff of chaos!
Ouch! That really hurt!
Crazy Yiuf freezes you!
* * * LOW HITPOINT WARNING * * *
You hit Crazy Yiuf but do no damage.
Crazy Yiuf is moderately wounded.
Crazy Yiuf hits you with a +3 quarterstaff of chaos.
You die...

#.# ###....#
#........[##
#.# #....#
#....###.##
#.# ♣....♣
###..###.##
#.# ♣...♣♣
###..##...##
#.# ♣♣.♣♣
#..........#
#.# ♣.♣♣
#.#..##...##
#.# ♣♣.♣
#.#..###.##
#.# ♣.♣♣
#.#..# ###
#.# ### ♣♣s♣
#....#######
#.####.# #g#
#)......(...
#.>....# ...
#......#####
######.#
#...#
######..<...
### #..)#
#######
##### # #
############
#
#.#.##.#.#.#
####### #


You could see Crazy Yiuf (very poisoned).

Vanquished Creatures
  A worm (D:2)
  2 dart slugs
  6 ball pythons
  5 endoplasms
  2 giant cockroaches (D:1)
  A goblin (D:1)
  5 hobgoblins
  5 kobolds
  2 bats (D:1)
  4 frilled lizards
  3 rats (D:1)
36 creatures vanquished.

Notes
Turn   | Place    | Note
-------+----------+-------------------------------------------
     0 | D:1      | growler the Draconian Transmuter began the quest for the
                  | Orb.
     0 | D:1      | Reached XP level 1. HP: 16/16 MP: 3/3
   135 | D:1      | Reached XP level 2. HP: 21/23 MP: 5/5
   505 | D:1      | Reached skill level 4 in Unarmed Combat
   784 | D:1      | Reached XP level 3. HP: 27/28 MP: 6/6
   865 | D:1      | Learned a level 2 spell: Wereblood
   869 | D:1      | Learned a level 3 spell: Spider Form
   927 | D:2      | HP: 1/28 [kobold/+0 dagger of electrocution (2)]
  1552 | D:2      | Found a glowing silver altar of Zin.
  1623 | D:2      | Found a faded altar of an unknown god.
  1855 | D:2      | Found a runed translucent door.
  1856 | D:2      | Noticed Crazy Yiuf
  2100 | D:2      | Slain by Crazy Yiuf

Illustrated notes

Levels and vault maps discovered:
D:1:      roderic_crossed_star, layout_loops_ring, hex_large,
          hangedman_decor_clover_reticule
D:2:      layout_loops_ring, basic_altar, nicolae_ecumenical_lake_church,
          uniq_crazy_yiuf_cottage

Skill      XL: |  1  2 |
---------------+-------+-----
Unarmed Combat | 4 |  4.6
Fighting       | |  1.1
Dodging        | |  1.7
Spellcasting   | |  2.0
Transmutations | |  2.0

Action                   || total
-------------------------++-------
Melee: Unarmed           ||   119
       Tailslap          ||    12
       Punch             ||     3
       Kick              ||     2
       Headbutt          ||     1
 Cast: Spider Form       ||     1
       Beastly Appendage ||     1
 Stab: Sleeping          ||     3
Armor: Skin              ||    36
Dodge: Dodged            ||    69
